 Dungeon Crawl Stone Soup version 0.28-a0-577-gb193047a1f (webtiles) character file.

Game seed: 4610166710748365399

48 diltron the Skirmisher (level 3, -1/24 HPs)
             Began as a Gargoyle Fighter on Oct 1, 2021.
             Slain by a phantom (4 damage)
             ... on level 2 of the Dungeon.
             The game lasted 00:06:21 (1661 turns).

diltron the Skirmisher (Gargoyle Fighter)           Turns: 1661, Time: 00:06:21

Health: -1/24      AC: 11    Str: 19    XL:     3   Next: 72%
Magic:  3/3        EV:  9    Int:  8    God:
Gold:   103        SH:  4    Dex: 10    Spells: 2/2 levels left

rFire   . . .      SeeInvis .   a - +0 flail
rCold   . . .      Faith    .   c - +0 buckler
rNeg    + . .      Spirit   .   b - +0 scale mail
rPois   ∞          Reflect  .   k - +0 helmet
rElec   +          Harm     .   (no cloak)
rCorr   .          Rampage  .   (no gloves)
Will    .....                   (no boots)
Stlth   ..........              (no amulet)
HPRegen 0.08/turn               (no ring)
MPRegen 0.08/turn               (no ring)

@: no status effects
A: sickness immunity, AC +3, negative energy resistance 1, electricity
resistance, torment resistance 1, petrification resistance
a: no special abilities


You were on level 2 of the Dungeon.
You visited 1 branch of the dungeon, and saw 2 of its levels.

You collected 103 gold pieces.

Inventory:

Hand Weapons
 a - a +0 flail (weapon)
 i - a +2 hunting sling of freezing
Missiles
 j - 46 stones (quivered)
Armour
 b - a +0 scale mail (worn)
 c - a +0 buckler (worn)
 k - a +0 helmet (worn)
Scrolls
 e - a scroll of summoning {unknown}
 g - a scroll of teleportation {unknown}
Potions
 d - a potion of might
 f - a potion of heal wounds {unknown}
 h - a potion of brilliance {unknown}


   Skills:
 * Level 3.9 Fighting
 * Level 2.8 Maces & Flails
 + Level 3.6 Armour
 + Level 3.6 Shields


You had 2 spell levels left.
You didn't know any spells.
Your spell library contained the following spells:

 Spells                   Type           Power      Damage    Failure   Level
 Gell's Gravitas          Tloc           0%         N/A       99%         3
 Lesser Beckoning         Tloc           0%         N/A       99%         3
 Teleport Other           Tloc           0%         N/A       99%         3


Dungeon Overview and Level Annotations

Branches:
Dungeon (2/15)

Altars:


Innate Abilities, Weirdness & Mutations

You are immune to sickness and miasma.
Your stone body is resilient. (AC +3)
You are immune to poison.
You resist negative energy. (rN+)
You are resistant to electric shocks. (rElec)
You are resistant to unholy torment.
You are immune to petrification.


Message History

Found a stone staircase leading up.
You open the door.
There is an open door here.
There is an open door here.
Found 15 bolts.
You open the door.
A phantom comes into view.
Found a ring mail.
The phantom moves out of view.
The phantom hits you but does no damage.
You hit the phantom but do no damage. You block the phantom's attack.
You closely miss the phantom. The phantom barely misses you.
You block the phantom's attack.
You closely miss the phantom. The phantom closely misses you.
You hit the phantom but do no damage. The phantom hits you!
The phantom blinks!
You blink.
Found a spear and a white potion.
Found an escape hatch in the ceiling.
You hit the phantom but do no damage. The phantom hits you.
The phantom hits you but does no damage.
You hit the phantom.
The phantom is lightly damaged.
The phantom completely misses you.
You hit the phantom but do no damage.
The phantom is lightly damaged.
The phantom hits you!
* * * LOW HITPOINT WARNING * * *
You sock the phantom!
The phantom is moderately damaged.
The phantom hits you.
* * * LOW HITPOINT WARNING * * *
The phantom barely misses you.
You hit the phantom.
The phantom is moderately damaged.
You block the phantom's attack.
You closely miss the phantom.
The phantom is moderately damaged.
The phantom hits you but does no damage.
You closely miss the phantom.
The phantom is moderately damaged.
The phantom hits you.
You die...

#.#####......#
###.#.#
#......#####(#
..#.# ######.#
.# ###.#
#.#####.# #.#
. #.......#
#.# .
###....)..#
#.#####
........<#
#......
##.W....#
#######
#..@...# #
#.....## #
#........ #
#..........
#!.........
########+##


You could see a phantom.

Vanquished Creatures
  Robin (D:2)
  A bat (D:1)
  3 endoplasms
  A giant cockroach (D:1)
  11 goblins
  4 hobgoblins
  2 jackals (D:1)
  A quokka (D:1)
  4 frilled lizards
  3 kobolds (D:1)
  2 rats (D:1)
33 creatures vanquished.

Notes
Turn   | Place    | Note
-------+----------+-------------------------------------------
     0 | D:1      | diltron the Gargoyle Fighter began the quest for the Orb.
     0 | D:1      | Reached XP level 1. HP: 14/14 MP: 1/1
   110 | D:1      | Reached XP level 2. HP: 19/19 MP: 2/2
   574 | D:1      | Reached XP level 3. HP: 16/24 MP: 3/3
  1171 | D:2      | Noticed Robin
  1177 | D:2      | Killed Robin
  1643 | D:2      | Noticed a phantom
  1661 | D:2      | Slain by a phantom

Illustrated notes

Levels and vault maps discovered:
D:1:      heliophobic_arrival_ceremonial_halls, layout_basic,
          minmay_tetromino_o2
D:2:      layout_basic, ebering_ecumenical_altar_webs, uniq_robin

Action                   || total
-------------------------++-------
Melee: Flail             ||   132
Armor: Scale mail        ||    69
Dodge: Dodged            ||    63
Block: Buckler           ||    34

Table legend: (Time is in decaauts)
 A = Elapsed time spent in this place.
 B = Non-inter-level travel time spent in this place.
 C = Inter-level travel time spent in this place.
 D = Time resting spent in this place.
 E = Time spent auto-exploring this place.
 F = Levels seen in this place.
 G = Mean time per level.
                   A        B        C        D        E       F      G
               +--------+--------+--------+--------+--------+-----+--------+
         Total |   1698 |   1668 |     30 |    267 |   1074 |   2 |  849.0 |
       Dungeon |   1698 |   1668 |     30 |    267 |   1074 |   2 |  849.0 |
               +--------+--------+--------+--------+--------+-----+--------+

Top non-repeatable levels by time:
     D:1: 1000 daAuts
     D:2: 698 daAuts
